 Dungeon Crawl Stone Soup version 0.31.0-11-ge490571c62 (webtiles) character file.

Game seed: 8474145655538552134

247 qw the Shooter (level 5, -1/26 HPs)
             Began as a Spriggan Hunter on Feb 3, 2024.
             Slain by Pargi (5 damage)
             ... in a sewer.
             The game lasted 00:00:32 (2651 turns).

qw the Shooter (Spriggan Hunter)                    Turns: 2651, Time: 00:00:33

Health: -1/26      AC:  4    Str:  7    XL:     5   Next: 85%
Magic:  6/6        EV: 20    Int: 11    God:
Gold:   243        SH:  0    Dex: 20    Spells: 4/4 levels left

rFire   + . .        a - +0 shortbow
rCold   . . .        (shield currently unavailable)
rNeg    + . .        c - +0 robe
rPois   +            (helmet restricted)
rElec   .            (no cloak)
rCorr   .            (gloves unavailable)
SInv    +            (boots unavailable)
Will    .....        (no amulet)
Stlth   ++           f - ring of positive energy
HPRegen 0.24/turn    (no ring)
MPRegen 0.10/turn

%: no passive effects
@: very quick
A: very small, no large weapons, unfitting armour, see invisible, speed 3,
iridescent scales 1, fire resistance 1, poison resistance, MP-powered wands
a: no special abilities


You were in a sewer.
You visited 1 branch of the dungeon, and saw 3 of its levels.
You also visited: Sewer.

You collected 243 gold pieces.


Innate Abilities, Weirdness & Mutations

You are very small and have problems with some larger weapons.
You are too small for most types of armour.
You have supernaturally acute eyesight. (SInv)
You cover ground extremely quickly. (Speed+++)
You are partially covered in iridescent scales. (AC +2)
Your flesh is heat resistant. (rF+)
Your system is resistant to poisons. (rPois)
You expend magic power (3 MP) to strengthen your wands.


   Skills:
 - Level 2.0 Fighting
 - Level 6.1 Ranged Weapons
 + Level 5.1 Dodging
 - Level 1.5 Stealth


You had 4 spell levels left.
You didn't know any spells.
Your spell library was empty.

Inventory:

Hand Weapons
 a - a +0 shortbow (weapon)
Armour
 c - a +0 robe (worn)
Jewellery
 f - a ring of positive energy (left hand)
Potions
 d - 2 potions of curing
 h - 2 potions of mutation

Dungeon Overview and Level Annotations

Branches:
Dungeon (3/15)              Sewer (1/1)

Altars:
Hepliaklqana
Makhleb

Annotations:
Sewer Pargi


Message History

Pargi barely misses you. x2; Pargi claws you.
The kobold brigand misses you.
You shoot an arrow. The arrow misses the kobold brigand.
Pargi bites you. Pargi closely misses you. Pargi claws you.
The kobold brigand closely misses you.
You shoot an arrow.
The arrow closely misses the kobold brigand.
Pargi completely misses you. Pargi misses you. Pargi completely misses you.
The kobold brigand closely misses you.
You shoot an arrow. The arrow hits the kobold brigand.
The kobold brigand is severely wounded.
Pargi barely misses you. Pargi misses you. x2
The kobold brigand hits you with a +2 short sword of electrocution.
2642 ||| READING scroll of teleportation.
As you read the scroll of teleportation, it crumbles to dust.
You feel strangely unstable.
Pargi looks around nervously.
Pargi barely misses you. Pargi completely misses you. Pargi barely misses you.
The kobold brigand hits you with a +2 short sword of electrocution.
You shoot an arrow. The arrow hits the kobold brigand!
You kill the kobold brigand!
Pargi misses you. Pargi barely misses you. Pargi claws you but does no damage.
Your Ranged Weapons skill increases to level 6!
You shoot an arrow.
The arrow hits Pargi but does no damage.
Pargi closely misses you. Pargi completely misses you. Pargi misses you.
Pargi completely misses you. x3
You shoot an arrow. The arrow closely misses Pargi.
Your surroundings suddenly seem different.
You shoot an arrow. The arrow closely misses Pargi.
You shoot an arrow.
The arrow hits Pargi but does no damage.
You shoot an arrow. The arrow hits Pargi.
Pargi is lightly wounded.
You shoot an arrow. The arrow hits Pargi.
Pargi is moderately wounded.
You shoot an arrow. The arrow misses Pargi.
You shoot an arrow. The arrow hits Pargi.
Pargi is heavily wounded.
Pargi bites you.
You die...

#\....\..).?#
####.)~~.####
###.~~~.#
..'.~~~.+
###.~~~.#
#.~~~.##
+.~~~.'
#.~~~T##
#.~~~@#
+.~~~.+
#######


You could see Pargi.

Vanquished Creatures
  A kobold brigand (Sewer)
  An orc priest (D:3)
  An orc wizard (D:3)
  3 adders
  2 river rats (D:3)
  A ribbon worm (D:3)
  8 orcs (D:3)
  A ball python (D:1)
  4 bats
  7 endoplasms
  3 giant cockroaches
  6 goblins
  7 hobgoblins
  4 quokkas
  3 frilled lizards
  6 kobolds
  13 rats
71 creatures vanquished.

Notes
Turn   | Place    | Note
-------+----------+-------------------------------------------
     0 | D:1      | qw the Spriggan Hunter began the quest for the Orb.
     0 | D:1      | Reached XP level 1. HP: 10/10 MP: 2/2
     0 | D:1      | 0 ||| qw: Version: 0.3-a-155-g5e7d8dd
     0 | D:1      | 0 ||| qw: Game counter: 3370
     0 | D:1      | 0 ||| qw: Melee chars always use a shield: true
     0 | D:1      | 0 ||| qw: God list: Okawaru
     0 | D:1      | 0 ||| qw: Allow faded altars: false
     0 | D:1      | 0 ||| qw: Do Orc after clearing Dungeon:15 true
     0 | D:1      | 0 ||| qw: Do second Lair branch before Depths: true
     0 | D:1      | 0 ||| qw: Lair rune preference: random
     0 | D:1      | 0 ||| qw: Goals: Normal
     0 | D:1      | 0 ||| PLANNING D:1-11
   106 | D:1      | Reached skill level 3 in Dodging
   263 | D:1      | Reached XP level 2. HP: 14/14 MP: 3/3
   824 | D:1      | 824 ||| UPGRADING to ring of positive energy.
   825 | D:1      | 825 ||| READING scroll labelled HYRUNI TIMIY.
   825 | D:1      | 825 ||| IDENTIFYING 2 green potions
   826 | D:1      | 826 ||| DRINKING 2 metallic golden potions.
   931 | D:1      | 931 ||| DRINKING 2 ruby potions.
   983 | D:1      | 983 ||| DRINKING 3 inky potions.
   983 | D:1      | Gained mutation: You expend magic power (3 MP) to
                  | strengthen your wands. [potion of mutation]
   983 | D:1      | Gained mutation: Your flesh is heat resistant. (rF+)
                  | [potion of mutation]
   983 | D:1      | Gained mutation: You are partially covered in iridescent
                  | scales. (AC +2) [potion of mutation]
   983 | D:1      | Gained mutation: Your system is resistant to poisons.
                  | (rPois) [potion of mutation]
   984 | D:1      | 984 ||| DROPPING scroll of butterflies.
   985 | D:1      | 985 ||| DROPPING potion of berserk rage.
   986 | D:1      | 986 ||| DROPPING potion of lignification.
  1041 | D:2      | Reached XP level 3. HP: 18/18 MP: 4/4
  1814 | D:2      | 1814 ||| READING scroll of identify.
  1814 | D:2      | 1814 ||| IDENTIFYING scroll labelled JUIPLOGOSSU
  1815 | D:2      | 1815 ||| READING scroll labelled ICHARCH HUECWO.
  1845 | D:2      | 1845 ||| READING scroll labelled YLLEIR DORIT.
  1845 | D:2      | 1845 ||| ENCHANTING +0 shortbow.
  1895 | D:3      | 1895 ||| PLANNING SEWER
  1926 | D:3      | Reached skill level 5 in Ranged Weapons
  1926 | D:3      | Reached XP level 4. HP: 22/22 MP: 5/5
  2084 | D:3      | 2084 ||| FLEEEEING.
  2135 | D:3      | Found a hazy altar of Hepliaklqana.
  2137 | D:3      | Found a burning altar of Makhleb.
  2162 | D:3      | 2162 ||| RETREEEEATING.
  2163 | D:3      | 2163 ||| RETREEEEATING.
  2165 | D:3      | 2165 ||| RETREEEEATING.
  2179 | D:3      | Reached XP level 5. HP: 19/25 MP: 6/6
  2422 | D:3      | Identified the +5 rapier of Xanwyik {freeze, rN+}
  2551 | D:3      | Found a glowing drain.
  2610 | D:3      | 2610 ||| READING 2 scrolls of identify.
  2610 | D:3      | 2610 ||| IDENTIFYING viscous dark potion
  2611 | D:3      | 2611 ||| READING scroll of identify.
  2611 | D:3      | 2611 ||| IDENTIFYING scroll labelled DAUMNU CUPLEIK
  2612 | D:3      | 2612 ||| READING scroll labelled KETA EPTOL.
  2613 | D:3      | 2613 ||| READING scroll labelled LOSUH ENNAMUA.
  2614 | D:3      | 2614 ||| DROPPING scroll of amnesia.
  2615 | D:3      | 2615 ||| DROPPING potion of ambrosia.
  2624 | Sewer    | Entered a sewer
  2633 | Sewer    | Noticed Pargi
  2641 | Sewer    | HP: 6/26 [kobold brigand/+2 short sword of electrocution
                  | (6)]
  2642 | Sewer    | 2642 ||| READING scroll of teleportation.
  2642 | Sewer    | HP: 2/26 [kobold brigand/+2 short sword of electrocution
                  | (4)]
  2644 | Sewer    | Reached skill level 6 in Ranged Weapons
  2651 | Sewer    | Slain by Pargi

Levels and vault maps discovered:
D:1:      dpeg_arrival_rooms_a, layout_loops_corners, serial_bayou,
          serial_bayou_pond_a, serial_bayou_pond_e, serial_bayou_pond_c,
          serial_bayou_lagoon_a
D:2:      layout_loops_corners, serial_bayou_pond_e
D:3:      layout_loops_corners, jmf_multi_god_temple, portal_sewer_entry_a,
          minmay_box_of_dots
Sewer:    kennysheep_door_sewer

Skill      XL: |  1  2  3  4  5 |
---------------+----------------+-----
Dodging        | 3 4 5 |  5.1
Ranged Weapons | 5 6 |  6.1
Fighting       | 2 |  2.0
Stealth        | |  1.5

Action                     |  1- 3 |  4- 6 || total
---------------------------+-------+-------++-------
   Fire: Shortbow          |    94 |   126 ||   220
    Use: Potion            |     3 |       ||     3
         Scroll            |     4 |     5 ||     9
 Armour: Robe              |     5 |    30 ||    35
  Dodge: Dodged            |    20 |    97 ||   117

Table legend:
 A = Non-vault XP
 B = Vault XP
 C = Vault XP percentage of total XP
 D = Non-vault monster count
 E = Vault monster count
 F = Vault count percentage of total count
                 A         B        C        D         E       F
            +---------+---------+-------+---------+---------+-------
      Total |     194 |     159 |  45.0 |      58 |      13 |  18.3
            +---------+---------+-------+---------+---------+-------
        D:1 |      40 |       0 |   0.0 |      24 |       0 |   0.0
        D:2 |      41 |       0 |   0.0 |      17 |       0 |   0.0
        D:3 |     113 |      65 |  36.5 |      17 |      11 |  39.3
      Sewer |       0 |      94 | 100.0 |       0 |       2 | 100.0
            +---------+---------+-------+---------+---------+-------
